 Dungeon Crawl Stone Soup version 0.31-a0-200-gbc41564c69 (webtiles) character file.

Game seed: 15478236524648604639

591 qw the Skirmisher (level 7, -1/40 HPs)
             Began as a Deep Elf Hunter on June 25, 2023.
             Slain by Edmund
             ... wielding a +0 flail of holy wrath
              (7 damage)
             ... on level 4 of the Dungeon.
             The game lasted 00:01:16 (2400 turns).

qw the Skirmisher (Deep Elf Hunter)                 Turns: 2400, Time: 00:01:17

Health: -1/40      AC:  9    Str: 10    XL:     7   Next: 16%
Magic:  9/9        EV:  9    Int: 14    God:
Gold:   158        SH:  0    Dex: 18    Spells: 6/6 levels left

rFire   . . .        Y - +0 shortbow
rCold   . . .        (shield currently unavailable)
rNeg    . . .        a - +0 scale mail
rPois   .            (no helmet)
rElec   .            (no cloak)
rCorr   .            c - +2 pair of gloves
SInv    .            (no boots)
Will    +....        f - amulet of regeneration
Stlth   +            h - ring of willpower
HPRegen 1.06/turn    (no ring)
MPRegen 0.11/turn

%: no passive effects
@: no status effects
A: no striking features
a: no special abilities


You were on level 4 of the Dungeon.
You visited 1 branch of the dungeon, and saw 4 of its levels.

You collected 158 gold pieces.


   Skills:
 - Level 2.0 Fighting
 + Level 10.8 Ranged Weapons
 - Level 1.4 Armour
 - Level 2.7 Dodging
 - Level 1.2 Stealth


You had 6 spell levels left.
You didn't know any spells.
Your spell library was empty.

Inventory:

Hand Weapons
 Y - a +0 shortbow (weapon)
Armour
 a - a +0 scale mail (worn)
 c - a +2 pair of gloves (worn)
 d - a +1 robe of resistance
 j - a +0 pair of boots
Jewellery
 f - an amulet of regeneration (around neck)
 h - a ring of willpower (left hand)
Scrolls
 g - a scroll of identify
Potions
 b - a potion of attraction {unknown}
 e - 5 potions of curing
 i - a potion of mutation {unknown}
 k - a potion of haste

Dungeon Overview and Level Annotations

Branches:
Dungeon (4/15)
 Temple: D:4-7

Altars:
Dithmenos
Trog
Vehumet

Annotations:
D:4 Edmund


Message History

You shoot an arrow.
The arrow hits Edmund but does no damage.
Edmund is heavily wounded.
Edmund hits you with a +0 flail of holy wrath.
You shoot an arrow.
The arrow hits Edmund but does no damage.
Edmund is heavily wounded.
Edmund hits you but does no damage.
You shoot an arrow.
The arrow hits Edmund but does no damage.
Edmund is heavily wounded.
Edmund closely misses you.
You shoot an arrow. The arrow barely misses Edmund.
Edmund barely misses you.
You shoot an arrow. The arrow completely misses Edmund.
Edmund hits you with a +0 flail of holy wrath.
You shoot an arrow. The arrow barely misses Edmund.
Edmund hits you with a +0 flail of holy wrath!
You shoot an arrow. The arrow closely misses Edmund.
Edmund hits you with a +0 flail of holy wrath. x2
You shoot an arrow. The arrow closely misses Edmund.
Edmund closely misses you.
You shoot an arrow. The arrow closely misses Edmund.
Edmund barely misses you.
You shoot an arrow.
The arrow hits Edmund but does no damage.
Edmund is heavily wounded.
Edmund hits you with a +0 flail of holy wrath.
You shoot an arrow.
The arrow hits Edmund but does no damage.
Edmund is heavily wounded.
Edmund hits you but does no damage.
You shoot an arrow. The arrow barely misses Edmund.
Edmund hits you but does no damage.
You shoot an arrow.
The arrow hits Edmund but does no damage.
Edmund is heavily wounded.
Edmund hits you but does no damage.
Edmund hits you with a +0 flail of holy wrath!
You die...

....... ... .. .......
.. ... ....... .. ....
....... .##.... .......
.#..... #..))#.......
#..)@...... #.@.......
##.......# #..%.....#.
... ##...#..........
#....#.....>..#
#####...#...###.##. .
#...#.%%........##.. ..
##...............##.....
#......#................


You could see Edmund.

Vanquished Creatures
  Sigmund (D:2)
  An ice beast (D:4)
  A howler monkey (D:4)
  A jelly (D:4)
  2 hounds
  2 orc priests (D:4)
  Terence (D:2)
  3 gnolls (D:3)
  2 adders
  A worm (D:4)
  8 orcs
  14 ball pythons
  4 bats
  4 endoplasms
  4 giant cockroaches
  2 goblins (D:1)
  5 hobgoblins
  5 jackals (D:1)
  4 quokkas
  5 frilled lizards
  4 kobolds
  9 rats
83 creatures vanquished.

Notes
Turn   | Place    | Note
-------+----------+-------------------------------------------
     0 | D:1      | qw the Deep Elf Hunter began the quest for the Orb.
     0 | D:1      | Reached XP level 1. HP: 12/12 MP: 3/3
     0 | D:1      | 0 ||| qw: Version: 0.3-a-22-g0ed2b0b
     0 | D:1      | 0 ||| qw: Game counter: 5687
     0 | D:1      | 0 ||| qw: Melee chars always use a shield: true
     0 | D:1      | 0 ||| qw: God list: Okawaru
     0 | D:1      | 0 ||| qw: Allow faded altars: false
     0 | D:1      | 0 ||| qw: Do Orc after clearing Dungeon:15 true
     0 | D:1      | 0 ||| qw: Do second Lair branch before Depths: true
     0 | D:1      | 0 ||| qw: Lair rune preference: random
     0 | D:1      | 0 ||| qw: Goals: Normal
     0 | D:1      | 0 ||| PLANNING D:1-11
    56 | D:1      | Reached XP level 2. HP: 16/16 MP: 4/4
    57 | D:1      | Reached skill level 6 in Ranged Weapons
   585 | D:1      | Reached XP level 3. HP: 20/20 MP: 5/5
   615 | D:1      | 615 ||| UPGRADING to +0 pair of gloves.
   620 | D:1      | 620 ||| UPGRADING to amulet of regeneration.
   625 | D:1      | 625 ||| UPGRADING to ring of willpower.
   626 | D:1      | 626 ||| READING scroll labelled YNGOSUTES.
   627 | D:1      | 627 ||| READING scroll labelled EFIT CYNEVY.
   628 | D:1      | 628 ||| READING scroll labelled XAUZOI CINAUMA.
   629 | D:1      | 629 ||| DRINKING 4 purple potions.
   630 | D:1      | 630 ||| DROPPING scroll of butterflies.
   660 | D:2      | 660 ||| STAIRDANCE
   763 | D:2      | Reached skill level 7 in Ranged Weapons
   961 | D:2      | Noticed Terence
   969 | D:2      | Killed Terence
   970 | D:2      | Reached XP level 4. HP: 25/25 MP: 6/6
  1020 | D:2      | Noticed Sigmund
  1036 | D:2      | 1036 ||| DRINKING 2 inky potions.
  1044 | D:2      | Killed Sigmund
  1045 | D:2      | Reached skill level 9 in Ranged Weapons
  1045 | D:2      | Reached XP level 5. HP: 24/29 MP: 7/7
  1443 | D:2      | 1443 ||| UPGRADING to +0 scale mail.
  1453 | D:2      | 1453 ||| DROPPING +0 leather armour.
  1454 | D:2      | 1454 ||| READING scroll labelled FAFETZ BYLO.
  1455 | D:2      | 1455 ||| DRINKING 2 fuming puce potions.
  1638 | D:3      | Reached XP level 6. HP: 34/34 MP: 8/8
  1686 | D:3      | Reached skill level 1 in Armour
  1867 | D:3      | Found a faded altar of an unknown god.
  1881 | D:3      | Identified the +1 leather armour "Fudiuh" {MP+9 Int+2
                  | Dex-3}
  1909 | D:3      | Found a radiant altar of Vehumet.
  2022 | D:3      | Found a bloodstained altar of Trog.
  2038 | D:3      | 2038 ||| UPGRADING to +1 pair of gloves.
  2048 | D:3      | 2048 ||| DROPPING +0 pair of gloves.
  2049 | D:3      | 2049 ||| DROPPING +1 leather armour "Fudiuh" {MP+9 Int+2
                  | Dex-3}.
  2077 | D:4      | Found a shadowy altar of Dithmenos.
  2133 | D:4      | 2133 ||| READING scroll of enchant armour.
  2133 | D:4      | 2133 ||| ENCHANTING +1 pair of gloves.
  2161 | D:4      | Noticed an ice beast
  2180 | D:4      | Killed an ice beast
  2181 | D:4      | Reached skill level 10 in Ranged Weapons
  2290 | D:4      | Reached XP level 7. HP: 33/40 MP: 9/9
  2349 | D:4      | Noticed Edmund
  2375 | D:4      | HP: 9/40 [Edmund/+0 flail of holy wrath (8)]
  2376 | D:4      | 2376 ||| DRINKING potion of heal wounds.
  2394 | D:4      | HP: 7/40 [Edmund/+0 flail of holy wrath (6)]
  2397 | D:4      | HP: 3/40 [Edmund/+0 flail of holy wrath (5)]
  2400 | D:4      | Slain by Edmund

Levels and vault maps discovered:
D:1:      lightli_arrival_quake, layout_basic
D:2:      layout_basic, uniq_sigmund, uniq_terence
D:3:      layout_basic, mainiacjoe_overflow_alcove_2, nicolae_vehumet_radiance,
          shapermc_ecumenical_altar_notcrosses, minmay_misc_feat_more_columns,
          palyth_stone_intersect
D:4:      layout_cave_pools, grunt_dithmenos_smoke, tso_oasis_becter,
          minmay_temple_entry_statues_pillars, uniq_edmund

Skill      XL: |  1  2  3  4  5  6 |
---------------+-------------------+-----
Ranged Weapons | 6 7 9 10 | 10.8
Armour         | 1 |  1.4
Fighting       | 2 |  2.0
Dodging        | |  2.7
Stealth        | |  1.2

Action                     |  1- 3 |  4- 6 |  7- 9 || total
---------------------------+-------+-------+-------++-------
   Fire: Shortbow          |   115 |   130 |    79 ||   324
    Use: Scroll            |     3 |     2 |       ||     5
         Potion            |     1 |     2 |     1 ||     4
 Armour: Leather armour    |    11 |     7 |       ||    18
         Scale mail        |       |    18 |    14 ||    32
  Dodge: Dodged            |    35 |    35 |    16 ||    86

Table legend:
 A = Non-vault XP
 B = Vault XP
 C = Vault XP percentage of total XP
 D = Non-vault monster count
 E = Vault monster count
 F = Vault count percentage of total count
                 A         B        C        D         E       F
            +---------+---------+-------+---------+---------+-------
      Total |     583 |     262 |  31.0 |      81 |       2 |   2.4
            +---------+---------+-------+---------+---------+-------
        D:1 |      55 |       0 |   0.0 |      28 |       0 |   0.0
        D:2 |      50 |     262 |  84.0 |      26 |       2 |   7.1
        D:3 |      95 |       0 |   0.0 |      11 |       0 |   0.0
        D:4 |     383 |       0 |   0.0 |      16 |       0 |   0.0
            +---------+---------+-------+---------+---------+-------
